 Dungeon Crawl Stone Soup version 0.28-a0-1555-g9ae15a6949 (webtiles) character file.

Game seed: 4950262022574432508

59 psuckher the Sneak (level 4, -4/37 HPs)
             Began as a Barachi Delver on Jan 18, 2022.
             Slain by a scorpion (5 damage)
             ... on level 5 of the Dungeon.
             The game lasted 00:01:22 (75 turns).

psuckher the Sneak (Barachi Delver)                   Turns: 75, Time: 00:01:22

Health: -4/37      AC:  6    Str: 18    XL:     4   Next: 3%
Magic:  3/3        EV: 12    Int: 10    God:
Gold:   0          SH:  0    Dex: 14    Spells: 3/3 levels left

rFire   . . .      SeeInvis .   a - +0 short sword
rCold   . . .      Faith    .   (no shield)
rNeg    . . .      Spirit   .   b - +0 leather armour
rPois   .          Reflect  .   (no helmet)
rElec   .          Harm     .   (no cloak)
rCorr   .          Rampage  .   i - +2 pair of gloves {Str+3}
Will    +....                   (no boots)
Stlth   +++.......              (no amulet)
HPRegen 0.12/turn               (no ring)
MPRegen 0.08/turn               (no ring)

@: slow
A: amphibious, slowness 1, strong legs 1, +LOS, low mp 1, strong-willed 1
a: Hop


You were on level 5 of the Dungeon.
You visited 1 branch of the dungeon, and saw 1 of its levels.

Inventory:

Hand Weapons
 a - a +0 short sword (weapon)
Armour
 b - a +0 leather armour (worn)
 i - a +2 pair of gloves of strength (worn)
Wands
 g - a wand of digging (3)
Scrolls
 c - a scroll of fog
 d - a scroll of magic mapping
Potions
 f - a potion of haste


   Skills:
 + Level 4.1 Fighting
 + Level 2.5 Short Blades
 + Level 0.2 Armour
 + Level 2.4 Dodging
 + Level 5.4 Stealth


You had 3 spell levels left.
You didn't know any spells.
Your spell library was empty.

Dungeon Overview and Level Annotations

Branches:
Dungeon (5/15)
 Temple: D:4-7

Altars:


Innate Abilities, Weirdness & Mutations

You are amphibious.
You cover ground slowly.
You can hop short distances.
You have an extended range of vision and can be seen from far away.
Your magical capacity is low. (-10% MP)
You are strong-willed. (Will+)


Message History

You hit the bullfrog zombie.
The bullfrog zombie is moderately damaged.
The bullfrog zombie misses you.
You barely miss the bullfrog zombie.
The bullfrog zombie is moderately damaged.
The bullfrog zombie closely misses you.
Unknown command.
You hit the bullfrog zombie.
The bullfrog zombie is heavily damaged.
The bullfrog zombie hits you.
* * * LOW HITPOINT WARNING * * *
The bullfrog zombie closely misses you.
You hit the bullfrog zombie.
The bullfrog zombie is severely damaged.
The bullfrog zombie barely misses you.
You puncture the bullfrog zombie!
The bullfrog zombie is almost destroyed.
The bullfrog zombie hits you but does no damage.
You hit the bullfrog zombie.
You destroy the bullfrog zombie!
Your Fighting skill increases to level 4!
You have reached level 4!
You feel agile.
There is an open door here.
As you close the door, it creaks loudly!
Something unseen breaks down the door.
The scorpion stings you but does no damage.
The scorpion stings you.
* * * LOW HITPOINT WARNING * * *
It was a potion of mutation.
You feel extremely strange.
You feel less energetic.
You feel strong-willed. The scorpion closely misses you.
You closely miss the scorpion. The scorpion stings you.
* * * LOW HITPOINT WARNING * * *
The orc priest looks encouraged for a moment.
The scorpion misses you.
You hit the scorpion.
The scorpion is lightly wounded.
The scorpion stings you.
You die...

....##...## ....##...#.
........... ...........
##########.....
#......>##.....
#######+##........'.....
#.......##........#.....
#......@s.o......#######
.........##.......# ..#
.........########'##.....
.........................
##..##...##..............
#. ######..............
.. .s.............. .
................
##.......####+##


You could see a scorpion and an orc priest.

Vanquished Creatures
  A bullfrog zombie (D:5)
  A centaur skeleton (D:5)
2 creatures vanquished.

Notes
Turn   | Place    | Note
-------+----------+-------------------------------------------
     0 | D:5      | psuckher the Barachi Delver began the quest for the Orb.
     0 | D:5      | Reached XP level 1. HP: 18/18 MP: 1/1
    35 | D:5      | Noticed an orc priest
    37 | D:5      | Noticed a scorpion
    47 | D:5      | Reached skill level 5 in Stealth
    47 | D:5      | Reached XP level 2. HP: 8/25 MP: 2/2
    47 | D:5      | Reached XP level 3. HP: 10/30 MP: 3/3
    56 | D:5      | Reached XP level 4. HP: 5/37 MP: 4/4
    72 | D:5      | Gained mutation: Your magical capacity is low. (-10% MP)
                  | [potion of mutation]
    72 | D:5      | Gained mutation: You are strong-willed. (Will+) [potion of
                  | mutation]
    73 | D:5      | HP: 1/37 [scorpion (3)]
    75 | D:5      | Slain by a scorpion

Illustrated notes

Levels and vault maps discovered:
D:5:      layout_gridville, amethyst_overflow_temple_binary, minitemple

Skill      XL: |  1  2  3 |
---------------+----------+-----
Stealth        | 5 |  5.4
Fighting       | 4 |  4.1
Short Blades   | |  2.5
Armour         | |  0.2
Dodging        | |  2.4

Action                   |  1- 3 |  4- 6 || total
-------------------------+-------+-------++-------
Melee: Short sword       |    19 |     2 ||    21
  Use: Scroll            |     1 |       ||     1
       Potion            |       |     1 ||     1
Armor: Leather armour    |    21 |     1 ||    22
Dodge: Dodged            |    19 |     2 ||    21

Table legend: (Time is in decaauts)
 A = Elapsed time spent in this place.
 B = Non-inter-level travel time spent in this place.
 C = Inter-level travel time spent in this place.
 D = Time resting spent in this place.
 E = Time spent auto-exploring this place.
 F = Levels seen in this place.
 G = Mean time per level.
                   A        B        C        D        E       F      G
               +--------+--------+--------+--------+--------+-----+--------+
         Total |     83 |     83 |      0 |      0 |      0 |   1 |   83.0 |
       Dungeon |     83 |     83 |      0 |      0 |      0 |   1 |   83.0 |
               +--------+--------+--------+--------+--------+-----+--------+

Top non-repeatable levels by time:
     D:5: 83 daAuts
